 Dungeon Crawl Stone Soup version 0.24.0-10-g970556be89 (webtiles) character file.

Game seed: 2028718533695274900, levelgen mode: deterministic

764101 Peloso the Minotaur Barricade (level 27, -3/273 HPs)
             Began as a Minotaur Fighter on Nov 2, 2019.
             Was the Champion of Okawaru.
             Killed by divine providence
             ... invoked by a mummy priest
              (15 damage)
             ... on level 11 of a ziggurat on Nov 3, 2019.
             The game lasted 05:27:07 (93824 turns).

Peloso the Minotaur Barricade (Minotaur Fighter)   Turns: 93824, Time: 05:27:08

Health: -3/273     AC: 50    Str: 39 (40) XL:     27
Magic:  28/28      EV: 17    Int:  9      God:    Okawaru [******]
Gold:   8246       SH: 13    Dex:  8      Spells: 26/26 levels left

rFire    + + +     SeeInvis .   a - +13 Maxwell's thermic engine {flame, freeze}
rCold    + + .     Gourm    .   W - +3 warlock's mirror {reflect}
rNeg     + + .     Faith    +   c - +12 gold dragon scales
rPois    +         Spirit   .   t - +2 hat {MR+}
rElec    +         Reflect  +   E - +1 cloak of Beneawn {rElec rPois rF+ rN+}
rCorr    +         Harm     .   S - +0 pair of gloves "Byhen" {rF++ rCorr Int+4}
MR       +++..                  q - +2 pair of boots {Fly}
Stlth    ..........             Q - amulet "Daitzec" {Faith Str+6 Dex-5 Stlth+}
HPRegen  0.55/turn              n - ring "Biumn" {rPois rC+ Str+3 Slay+2 Stlth-}
MPRegen  0.21/turn              D - ring of Cadeo {rElec rN+ AC+3}

@: flying, very slightly contaminated
A: retaliatory headbutt, horns 2, yellow scales 1, deformed body, deterioration
1, poison resistance, shaggy fur 1, wild magic 1, MP-powered wands
}: 4/15 runes: decaying, serpentine, slimy, silver
a: Heroism, Finesse, Renounce Religion, Stop Flying


You were on level 11 of a ziggurat.
You worshipped Okawaru.
Okawaru was exalted by your worship.
You were not hungry.

You visited 14 branches of the dungeon, and saw 59 of its levels.
You visited the Abyss 3 times.
You visited 1 ziggurat, and saw 11 of its levels.
You also visited: Trove, Gauntlet, Ice Cave, Volcano and Wizlab.

You collected 10121 gold pieces.
You spent 1875 gold pieces at shops.

Inventory:

Hand Weapons
 a - the +13 Maxwell's thermic engine (weapon) {flame, freeze}
   (You found it on level 3 of the Snake Pit)

   It has been specially enchanted to burn those struck by it, causing extra
   injury to most foes and up to half again as much damage against particularly
   susceptible opponents.
   Big, fiery blades are also staple armaments of hydra-hunters.
   It has been specially enchanted to freeze those struck by it, causing extra
   injury to most foes and up to half again as much damage against particularly
   susceptible opponents.
 b - the +10 long sword of Malaise {flame, rElec SInv}
   (You took it off a deep elf annihilator on level 3 of the Elven Halls)

   It has been specially enchanted to burn those struck by it, causing extra
   injury to most foes and up to half again as much damage against particularly
   susceptible opponents.
   Big, fiery blades are also staple armaments of hydra-hunters.
   It insulates you from electricity.
   It lets you see invisible.
Armour
 c - +12 gold dragon scales (worn)
 q - a +2 pair of boots of flying (worn)
 t - a +2 hat of magic resistance (worn)
 y - the +3 pair of gloves of the Land of Plenty {MR+}
   (You acquired it on level 1 of a ziggurat)

   It affects your resistance to hostile enchantments.
 B - the +9 plate armour of the Ego {rElec Int+5 Stlth-}
   (Okawaru gifted it to you on level 5 of a ziggurat)

   It affects your intelligence (+5).
   It insulates you from electricity.
   It makes you less stealthy.
 E - the +1 cloak of Beneawn (worn) {rElec rPois rF+ rN+}
   (You acquired it on level 3 of the Crypt)

   It protects you from fire.
   It insulates you from electricity.
   It protects you from poison.
   It protects you from negative energy.
 S - the +0 pair of gloves "Byhen" (worn) {rF++ rCorr Int+4}
   (You acquired it on level 5 of the Vaults)

   It affects your intelligence (+4).
   It greatly protects you from fire.
   It provides partial protection from all sources of acid and corrosion.
 W - the +3 warlock's mirror (worn) {reflect}
   (You found it on level 3 of the Crypt)
 Y - the +10 large shield of Ignorance {rN+ Int-4}
   (You found it on level 10 of a ziggurat)

   It affects your intelligence (-4).
   It protects you from negative energy.
Jewellery
 n - the ring "Biumn" (left hand) {rPois rC+ Str+3 Slay+2 Stlth-}
   (You found it in a wizard's laboratory)

   [ring of poison resistance]

   It affects your strength (+3).
   It affects your accuracy and damage with ranged weapons and melee attacks
   (+2).
   It protects you from cold.
   It protects you from poison.
   It makes you less stealthy.
 x - the ring "Akubim" {rPois rCorr}
   (You bought it in a shop on level 12 of the Dungeon)

   [ring of resist corrosion]

   It protects you from poison.
   It provides partial protection from all sources of acid and corrosion.
 D - the ring of Cadeo (right hand) {rElec rN+ AC+3}
   (You found it in a treasure trove)

   [ring of protection]

   It affects your AC (+3).
   It insulates you from electricity.
   It protects you from negative energy.
 J - the ring "Heacum" {AC+5 SInv}
   (You found it in a treasure trove)

   [ring of protection]

   It affects your AC (+5).
   It lets you see invisible.
 Q - the amulet "Daitzec" (around neck) {Faith Str+6 Dex-5 Stlth+}
   (You found it in a treasure trove)

   [amulet of faith]

   It allows you to gain divine favour quickly.
   It affects your strength (+6).
   It affects your dexterity (-5).
   It makes you more stealthy.
 T - the ring of Adwodufao {+Inv rF+ rC+ Str+2 Int+2}
   (You found it on level 1 of the Depths)

   [ring of intelligence]

   It affects your strength (+2).
   It affects your intelligence (+2).
   It protects you from fire.
   It protects you from cold.
   It lets you turn invisible.
Wands
 m - a wand of digging (13)
 C - a wand of clouds (3)
 I - a wand of iceblast (9)
Scrolls
 e - 41 scrolls of teleportation
 g - 4 scrolls of blinking
 j - 32 scrolls of remove curse
 l - a scroll of summoning
 o - 23 scrolls of identify
 u - 12 scrolls of noise
 v - a scroll of brand weapon
 z - 14 scrolls of magic mapping
 A - 2 scrolls of enchant weapon
 H - a scroll of enchant armour
 O - 12 scrolls of fear
Potions
 d - 21 potions of might
 h - 3 potions of heal wounds
 p - 23 potions of curing
 r - 6 potions of berserk rage
 s - 7 potions of agility
 w - 10 potions of haste
 F - 4 potions of mutation
 G - 2 potions of invisibility
 L - 2 potions of cancellation
 Z - 4 potions of resistance
Miscellaneous
 k - the horn of Geryon
 P - 2 phantom mirrors
 X - 2 sacks of spiders
Comestibles
 f - 101 rations


   Skills:
 O Level 27 Fighting
 O Level 27 Long Blades
   Level 0.2 Maces & Flails
 O Level 27 Armour
 + Level 21.4 Dodging
 + Level 13.3 Stealth
 O Level 27 Shields
 + Level 8.5 Invocations
 + Level 2.5 Evocations


You had 26 spell levels left.
You didn't know any spells.
Your spell library contained the following spells:

 Spells                   Type           Power        Failure   Level  Hunger
 Animate Skeleton         Necr           N/A          88%         1    ##.....
 Apportation              Tloc           #.....       88%         1    ##.....
 Confusing Touch          Hex            #.....       88%         1    ##.....
 Corona                   Hex            #......      88%         1    ##.....
 Flame Tongue             Conj/Fire      #....        88%         1    ##.....
 Freeze                   Ice            #...         88%         1    ##.....
 Infusion                 Chrm           #...         88%         1    ##.....
 Magic Dart               Conj           #...         88%         1    ##.....
 Pain                     Necr           #...         88%         1    ##.....
 Sandblast                Erth           #.....       88%         1    ##.....
 Shock                    Conj/Air       #...         88%         1    ##.....
 Sting                    Conj/Pois      #...         88%         1    ##.....
 Summon Butterflies       Summ           #.......     88%         1    ##.....
 Summon Small Mammal      Summ           #...         88%         1    ##.....
 Blink                    Tloc           N/A          95%         2    ###....
 Call Imp                 Summ           #.......     95%         2    ###....
 Corpse Rot               Necr           N/A          95%         2    ###....
 Ensorcelled Hibernation  Hex/Ice        #.....       95%         2    ###....
 Passwall                 Tmut/Erth      #.......     95%         2    ###....
 Poisonous Vapours        Pois/Air       #.....       95%         2    ###....
 Searing Ray              Conj           #.....       95%         2    ###....
 Shroud of Golubria       Chrm/Tloc      #.....       95%         2    ###....
 Slow                     Hex            #.......     95%         2    ###....
 Song of Slaying          Chrm           #.......     95%         2    ###....
 Sublimation of Blood     Necr           #.........   95%         2    ###....
 Swiftness                Chrm/Air       #.......     95%         2    ###....
 Throw Flame              Conj/Fire      #.....       95%         2    ###....
 Throw Frost              Conj/Ice       #.....       95%         2    ###....
 Call Canine Familiar     Summ           #.......     99%         3    ####...
 Confuse                  Hex            #.......     99%         3    ####...
 Conjure Flame            Conj/Fire      #.......     99%         3    ####...
 Dazzling Spray           Conj/Hex       #.....       99%         3    ####...
 Gell's Gravitas          Tloc           #.........   99%         3    ####...
 Ignite Poison            Fire/Tmut/Pois #.......     99%         3    ####...
 Inner Flame              Hex/Fire       #.......     99%         3    ####...
 Lesser Beckoning         Tloc           #.........   99%         3    ####...
 Mephitic Cloud           Conj/Pois/Air  #.......     99%         3    ####...
 Ozocubu's Armour         Chrm/Ice       #.......     99%         3    ####...
 Portal Projectile        Hex/Tloc       #.....       99%         3    ####...
 Recall                   Summ/Tloc      N/A          99%         3    ####...
 Regeneration             Chrm/Necr      #.........   99%         3    ####...
 Spectral Weapon          Hex/Chrm       #.......     99%         3    ####...
 Spider Form              Tmut/Pois      #.........   99%         3    ####...
 Stone Arrow              Conj/Erth      #.....       99%         3    ####...
 Summon Guardian Golem    Hex/Summ       #.......     99%         3    ####...
 Teleport Other           Tloc           #.......     99%         3    ####...
 Tukima's Dance           Hex            #.......     99%         3    ####...
 Vampiric Draining        Necr           #.........   99%         3    ####...
 Animate Dead             Necr           N/A          100%        4    #####..
 Cause Fear               Hex            #.........   100%        4    #####..
 Force Lance              Conj/Tloc      #.......     100%        4    #####..
 Fulminant Prism          Conj/Hex       #.........   100%        4    #####..
 Ice Form                 Ice/Tmut       #.......     100%        4    #####..
 Iskenderun's Mystic Bla  Conj           #.......     100%        4    #####..
 Leda's Liquefaction      Hex/Erth       #.........   100%        4    #####..
 Olgreb's Toxic Radiance  Pois           #.......     100%        4    #####..
 Passage of Golubria      Tloc           N/A          100%        4    #####..
 Petrify                  Tmut/Erth      #.......     100%        4    #####..
 Sticky Flame             Conj/Fire      #.......     100%        4    #####..
 Summon Ice Beast         Ice/Summ       #.......     100%        4    #####..
 Summon Lightning Spire   Summ/Air       #.......     100%        4    #####..
 Throw Icicle             Conj/Ice       #.......     100%        4    #####..
 Agony                    Necr           #.......     100%        5    ######.
 Alistair's Intoxication  Tmut/Pois      #.......     100%        5    ######.
 Aura of Abjuration       Summ           #.........   100%        5    ######.
 Bolt of Magma            Conj/Fire/Erth #.........   100%        5    ######.
 Excruciating Wounds      Chrm/Necr      #.........   100%        5    ######.
 Fireball                 Conj/Fire      #.........   100%        5    ######.
 Irradiate                Conj/Tmut      #.........   100%        5    ######.
 Iskenderun's Battlesphe  Conj/Chrm      #.......     100%        5    ######.
 Lee's Rapid Deconstruct  Erth           #.........   100%        5    ######.
 Metabolic Englaciation   Hex/Ice        #.........   100%        5    ######.
 Silence                  Hex/Air        #.........   100%        5    ######.
 Summon Demon             Summ           #.........   100%        5    ######.
 Summon Forest            Summ/Tloc      #.........   100%        5    ######.
 Summon Mana Viper        Hex/Summ       #.......     100%        5    ######.
 Venom Bolt               Conj/Pois      #.........   100%        5    ######.
 Yara's Violent Unravell  Hex/Tmut       #.........   100%        5    ######.
 Bolt of Cold             Conj/Ice       #.........   100%        6    #######
 Bolt of Fire             Conj/Fire      #.........   100%        6    #######
 Conjure Ball Lightning   Conj/Air       #.........   100%        6    #######
 Darkness                 Hex            #.........   100%        6    #######
 Death Channel            Necr           #.........   100%        6    #######
 Deflect Missiles         Chrm/Air       #.........   100%        6    #######
 Dispersal                Tloc           #.........   100%        6    #######
 Freezing Cloud           Conj/Ice/Air   #.........   100%        6    #######
 Hydra Form               Tmut           #.........   100%        6    #######
 Invisibility             Hex            #.......     100%        6    #######
 Iron Shot                Conj/Erth      #.........   100%        6    #######
 Ozocubu's Refrigeration  Ice            #.........   100%        6    #######
 Shadow Creatures         Summ           N/A          100%        6    #######
 Simulacrum               Ice/Necr       #.........   100%        6    #######
 Statue Form              Tmut/Erth      #........    100%        6    #######
 Dragon Form              Tmut           #.........   100%        7    #######
 Haunt                    Necr/Summ      #.........   100%        7    #######
 Malign Gateway           Summ/Tloc      #.........   100%        7    #######
 Monstrous Menagerie      Summ           #.........   100%        7    #######
 Orb of Destruction       Conj           #.........   100%        7    #######
 Ring of Flames           Chrm/Fire      #.........   100%        7    #######
 Spellforged Servitor     Conj/Summ      #.........   100%        7    #######
 Summon Greater Demon     Summ           #.........   100%        7    #######
 Summon Hydra             Summ           #.........   100%        7    #######
 Borgnjor's Revivificati  Necr           #.........   100%        8    #######
 Death's Door             Chrm/Necr      #.........   100%        8    #######
 Discord                  Hex            #.........   100%        8    #######
 Ignition                 Fire           #.........   100%        8    #######
 Infestation              Necr           #.........   100%        8    #######
 Necromutation            Tmut/Necr      #.........   100%        8    #######
 Summon Horrible Things   Summ           #.........   100%        8    #######
 Dragon's Call            Summ           #.........   100%        9    #######
 Shatter                  Erth           #.........   100%        9    #######
 Tornado                  Air            #.........   100%        9    #######


Dungeon Overview and Level Annotations

Branches:
Dungeon (15/15)            Temple (1/1) D:4            Lair (6/6) D:10
  Swamp (4/4) Lair:3        Snake (4/4) Lair:2        Slime (5/5) Lair:5
    Orc (2/2) D:9             Elf (3/3) Orc:2        Vaults (5/5) D:13
  Crypt (3/3) Vaults:2       Tomb (0/3) Crypt:3      Depths (5/5) D:15
   Hell (visited)             Dis (0/7) Hell            Geh (1/7) Hell
    Coc (0/7) Hell            Tar (0/7) Hell            Zot (4/5) Depths:5
  IceCv (visited)         Volcano (visited)          WizLab (visited)
Gauntlet (visited)

Altars:
Ashenzari
Cheibriados
Dithmenos
Elyvilon
Fedhas
Gozag
Hepliaklqana
Kikubaaqudgha
Makhleb
Nemelex Xobeh
Okawaru
Qazlal
Ru
Sif Muna
Trog
Uskayaw
Vehumet
Wu Jian
Xom
Yredelemnul
Zin
The Shining One
Beogh

Shops:
D:12 =   D:15 %   Orc:2 %!?}   Elf:2 %   Snake:3 !   Vaults:1 :   Zot:2 *
Depths:1 *   Depths:4 :

Portals:
Hell: Depths:1 Depths:2 Depths:3 Depths:4 Depths:5
Abyss: Depths:3 Depths:4
Pandemonium: Depths:3


Innate Abilities, Weirdness & Mutations

You reflexively headbutt those who attack you in melee.
You have a pair of horns on your head.
You are partially covered in yellow scales. (AC +2)
Armour fits poorly on your strangely shaped body.
Your body sometimes deteriorates upon taking damage.
Your system is resistant to poisons. (rPois)
You are covered in fur. (AC +1)
Your spells are a little harder to cast, but a little more powerful.
You expend magic power (3 MP) to strengthen your wands.


Message History

The mummy hits you but does no damage.
The guardian mummy hits you but does no damage.
Unknown command.
You barely miss the greater mummy. The death scarab misses you.
You furiously retaliate!
You headbutt the death scarab, but do no damage.
You riposte.
You completely miss the death scarab.
The death scarab is severely damaged.
You block the death scarab's attack. The sun demon barely misses you.
You riposte.
You slash the sun demon! You freeze the sun demon.
The sun demon is moderately wounded.
The greater mummy points at you and mumbles some strange words.
Something smites you!
* * * LOW HITPOINT WARNING * * *
The emperor scorpion stings you but does no damage.
The emperor scorpion claws you but does no damage.
The emperor scorpion barely misses you.
The mummy priest invokes the aid of its god against you.
Something smites you!
You die...

▓▓2..........s
▓▓§§...........
▓▓)§§§...........
▓▓.§§§○...W.......
▓.∩§§38...W......)
▓▓..§§MMMMM.......
▓▓..2ZM3M.3......
▓▓..4sMM3.......
▓▓..zs@s.......
▓▓..M.M......▓
▓▓▓▓▓▓▓▓▓▓▓▓▓


You could see a greater mummy, 2 emperor scorpions, a reaper, 2 mummy priests, 3
soul eaters, a sun demon, an orange demon, 2 phantasmal warriors, 2 guardian
mummies, an ushabti, a death scarab, a flying skull, 6 mummies and a hell knight
skeleton.

Vanquished Creatures
  the Royal Jelly (Slime:5)
  2 ancient liches
  The ghost of Uneer the Black Belt, a legendary GnFE of Okawaru (Zot:4)
  The ghost of Zal Weac the Metallomancer, a master GrEE of Vehumet (Depths:1)
  A juggernaut (Depths:3)
  A greater mummy (Zig:11)
  Sojobo (Vaults:2)
  Frederick (Depths:3)
  2 shard shrikes
  Xtahua (Depths:3)
  Bai Suzhen (Elf:3)
  Saint Roka (Orc:2)
  2 Killer Klowns
  2 curse toes
  Margery (Depths:3)
  the Lernaean hydra (Swamp:4)
  12 golden dragons
  Geryon (Hell)
  Jory (Depths:3)
  Nikola (Vaults:2)
  A profane servitor (Crypt:3)
  A Hellbinder (WizLab)
  8 bone dragons
  14 liches
  A hellephant (Abyss:1)
  An electric golem (Zot:3)
  A Brimstone Fiend (Geh:1)
  22 tentacled monstrosities
  A pandemonium lord (Zig:9)
  2 deep elf blademasters
  6 titans
  Asterion (Depths:1)
  6 quicksilver dragons
  A deep elf master archer (Elf:3)
  11 death cobs
  26 acid blobs
  4 sphinxes
  An Executioner (Zig:9)
  Gastronok (Lair:2)
  18 tentacled starspawn
  5 ancient champions
  A sphinx (shapeshifter) (Zig:2)
  4 thorn hunters
  10 tengu reavers
  11 storm dragons
  5 draconian monks
  6 nagarajas
  3 revenants
  12 shadow dragons
  13 azure jellies
  12 frost giants
  10 fire giants
  A blood saint (Zig:9)
  4 draconian scorchers
  2 iron dragons (Vaults:5)
  6 deep elf sorcerers
  7 draconian knights
  16 vault wardens
  An orc warlord (Vaults:4)
  4 balrugs
  7 cacodemons
  5 draconian stormcallers
  An emperor scorpion (shapeshifter) (Zig:2)
  3 curse skulls
  2 draconian shifters
  3 ghouls
  11 ironheart preservers
  6 reapers
  A juggernaut zombie (Depths:3)
  3 draconian annihilators
  9 deep elf elementalists (Elf:3)
  20 stone giants
  A war gargoyle (Vaults:5)
  2 spriggan defenders
  24 very ugly things
  8 green draconians
  5 entropy weavers
  6 vampire knights
  10 deep elf demonologists
  31 large abominations
  2 black suns
  51 starcursed masses
  A corrupter (Zig:9)
  6 black draconians
  8 lorocyprocas
  2 bennus (Zig:11)
  3 dire elephants (Zot:1)
  8 deep elf annihilators
  7 white draconians
  2 spark wasps (Depths:4)
  10 purple draconians
  3 red draconians
  7 yellow draconians
  13 ettins
  2 minotaurs
  A minotaur (shapeshifter) (Vaults:5)
  2 eidola
  19 yaktaur captains
  Josephine (Lair:6)
  A mummy priest (Zig:11)
  8 deep elf death magi
  14 fire dragons
  5 green deaths
  5 blizzard demons
  7 deep elf high priests
  13 death oozes
  29 jiangshi
  A great orb of eyes (shapeshifter) (Depths:2)
  20 great orbs of eyes
  A quicksilver dragon zombie (Depths:3)
  29 vault guards
  5 rakshasas
  13 ice dragons
  18 naga warriors
  24 hydras
  5 spriggan air magi
  4 ghost crabs
  A hell beast (WizLab)
  A shambling mangrove (Swamp:3)
  10 death knights
  16 anacondas
  18 centaur warriors
  21 dancing weapons
  12 alligators
  3 catoblepae (Lair:6)
  2 anacondas (shapeshifter) (Vaults:5)
  30 two-headed ogres
  9 ogre magi
  8 deep troll earth magi
  13 hell hogs
  4 deep troll shamans
  4 death scarabs
  11 death yaks (Lair:6)
  7 tengu warriors
  2 titan zombies
  10 naga sharpshooters
  3 shock serpents
  18 thrashing horrors
  5 spriggan berserkers
  4 vampire magi
  5 orc high priests
  21 deep elf knights
  6 fire crabs (Lair:3)
  9 soul eaters
  6 sun demons
  5 sixfirhies
  A storm dragon zombie (Crypt:1)
  27 small abominations
  A titan skeleton (Crypt:2)
  2 iron trolls (Depths:2)
  43 skeletal warriors
  6 unseen horrors
  A fire crab (shapeshifter) (Vaults:3)
  11 shadow wraiths
  19 wretched stars
  6 salamander mystics
  3 storm dragon skeletons
  An anaconda zombie (Hell)
  24 hell knights
  4 shadow demons
  8 glowing orange brains
  An infernal demonspawn (Depths:3)
  A quicksilver dragon simulacrum (Abyss:3)
  13 deep elf archers
  A sea snake (shapeshifter) (Depths:5)
  A spriggan druid (Swamp:1)
  4 spatial maelstroms
  A deep troll (shapeshifter) (Depths:3)
  11 wizards
  8 lindwurms
  13 deep trolls
  A harpy (shapeshifter) (Depths:5)
  10 phantasmal warriors
  13 swamp dragons
  An anaconda skeleton (Crypt:2)
  13 necromancers
  6 flayed ghosts
  58 deep elf magi
  6 naga ritualists
  A wolf spider zombie (D:15)
  13 ironbrand convokers
  A fire giant zombie (Depths:3)
  3 oklob plants
  14 mana vipers
  A stone giant zombie (Crypt:1)
  17 orc knights
  An iron dragon zombie (Abyss:4)
  8 orc sorcerers
  3 shining eyes
  6 manticores
  A shadow dragon skeleton (Crypt:2)
  6 cyclopes
  6 wolf spiders
  18 ugly things
  2 salamanders (shapeshifter)
  2 iron dragon skeletons (Crypt:1)
  A shining eye (shapeshifter) (D:15)
  5 rust devils
  10 salamanders
  14 vault sentinels
  6 worldbinders
  A moth of wrath (shapeshifter) (Depths:2)
  17 moths of wrath
  5 toenail golems (Volcano)
  2 stone giant skeletons
  21 elephants
  5 apocalypse crabs
  3 ice statues (IceCv)
  2 fire giant skeletons
  11 smoke demons
  33 black mambas
  3 torpor snails (Lair:3)
  8 guardian serpents
  22 naga magi
  A titan simulacrum (Crypt:1)
  An eye of devastation (Slime:5)
  2 molten gargoyles (Hell)
  A torpor snail (shapeshifter) (Vaults:2)
  A spiny frog (shapeshifter) (Depths:4)
  13 spiny frogs
  7 orange demons
  5 spectral swamp worms (Depths:1)
  2 gargoyles
  A yaktaur zombie (Vaults:3)
  6 efreet
  4 kobold demonologists
  39 yaktaurs
  4 hellions
  6 komodo dragons
  A spriggan zombie (Zig:4)
  A purple draconian zombie (Crypt:2)
  7 ice devils
  17 freezing wraiths
  A komodo dragon (shapeshifter) (Vaults:5)
  A demonic crawler (Hell)
  3 tormentors
  2 tengu conjurers
  2 anaconda simulacra
  3 guardian mummies (Zig:11)
  2 hydra zombies
  3 harpy zombies
  8 red devils
  A catoblepas skeleton (Geh:1)
  A queen ant zombie (Crypt:2)
  3 hellwings
  14 ancient zymes
  10 trolls
  A meliai (D:13)
  12 tyrant leeches
  A troll (shapeshifter) (Vaults:1)
  A queen bee (Depths:2)
  17 polar bears
  2 wind drakes (shapeshifter)
  A polar bear (shapeshifter) (Vaults:2)
  A shadow dragon simulacrum (Crypt:2)
  4 ettin zombies
  3 meliai (shapeshifter)
  Grinder (D:6)
  6 bog bodies
  19 hornets
  104 slime creatures
  A blink frog (shapeshifter) (Elf:1)
  A harpy skeleton (Crypt:1)
  Prince Ribbit (D:8)
  8 blink frogs
  2 ice dragon zombies
  3 alligator zombies (Hell)
  4 dream sheep (Lair:3)
  36 raiju
  A spectral black mamba (Gauntlet)
  13 hippogriffs
  5 shadows
  2 fire dragon zombies
  7 redbacks
  An ice dragon skeleton (Crypt:3)
  4 centaur simulacra
  11 spriggans
  A spriggan (shapeshifter) (Zig:6)
  9 ynoxinuls
  69 flying skulls
  A redback (shapeshifter) (Elf:1)
  92 yaks
  2 fire dragon skeletons
  An alligator skeleton (Hell)
  16 water elementals
  19 wraiths
  A yak (shapeshifter) (Vaults:2)
  A vampire (D:15)
  4 air elementals
  4 hogs (D:11)
  4 basilisks
  10 fire elementals
  8 humans
  A tarantella (Vaults:4)
  5 wyverns
  Eustachio (D:6)
  A fire bat (Abyss:1)
  A basilisk (shapeshifter) (Vaults:4)
  11 golden eyes
  A fire bat (shapeshifter) (Depths:1)
  14 vampire mosquitoes
  3 hungry ghosts
  4 chaos spawn
  8 neqoxecs
  A human simulacrum (Vaults:2)
  A faun zombie (Crypt:2)
  5 spatial vortices
  Menkaure (D:6)
  A naga (shapeshifter) (Depths:1)
  40 insubstantial wisps
  33 nagas
  5 wargs
  A soldier ant (D:13)
  3 acid dragons
  10 water moccasins
  A glowing shapeshifter zombie (Crypt:2)
  10 swamp worms
  2 spiny frog zombies
  A floating eye (shapeshifter) (Depths:3)
  A hydra simulacrum (Crypt:2)
  A water moccasin (shapeshifter) (Vaults:3)
  8 porcupines
  2 floating eyes
  55 orc warriors
  A porcupine (shapeshifter) (Depths:1)
  2 black bears
  A merfolk skeleton (Crypt:1)
  3 spiny frog skeletons
  3 ice beasts
  9 swamp drakes
  3 sky beasts
  2 phantoms
  A snapping turtle zombie (Hell)
  An ice beast (shapeshifter) (Vaults:5)
  A deep troll skeleton (Vaults:2)
  5 necrophages
  A swamp dragon zombie (Crypt:1)
  49 ogres
  2 ettin simulacra
  An eye of draining (shapeshifter) (Depths:2)
  7 eyes of draining
  A manticore zombie (Crypt:1)
  9 boggarts
  A manticore skeleton (Crypt:1)
  16 centaurs
  A centaur (shapeshifter) (Depths:1)
  12 wolves
  2 crocodiles (shapeshifter)
  A fire crab zombie (Crypt:1)
  13 crocodiles
  A gnoll sergeant (D:7)
  4 big kobolds
  16 bullfrogs
  A rime drake skeleton (Crypt:2)
  5 earth elementals
  A wyvern zombie (D:11)
  A human skeleton (Vaults:3)
  A scorpion (shapeshifter) (Depths:1)
  A water moccasin zombie (D:10)
  3 scorpions
  20 killer bees
  2 troll zombies (D:9)
  10 electric eels
  40 wights
  5 howler monkeys
  2 bullfrog zombies (D:12)
  5 centaur zombies
  4 crimson imps
  A wyvern simulacrum (D:13)
  A quasit (Abyss:1)
  5 centaur skeletons
  A hound (shapeshifter) (Depths:1)
  A gnoll shaman (D:4)
  9 hounds
  3 iron imps
  8 jellies
  33 orc priests
  37 orc wizards
  3 bullfrog skeletons
  8 iguanas
  2 iguanas (shapeshifter) (Depths:1)
  7 hell rats (Lair:2)
  11 worker ants
  A killer bee zombie (D:10)
  8 ogre zombies
  A demigod zombie (Crypt:1)
  2 sky beast zombies
  A dwarf skeleton (Crypt:1)
  2 hound zombies
  A hound skeleton (D:8)
  A mummy (Zig:11)
  10 gnolls
  3 howler monkey skeletons
  2 gnoll zombies (D:6)
  An adder (shapeshifter) (Depths:1)
  14 adders
  9 shadow imps
  22 white imps
  3 ufetubi
  A halfling zombie (Crypt:2)
  4 oozes
  2 adder skeletons
  3 worms
  A dart slug (D:1)
  3 leopard geckos
  121 orcs
  A bat skeleton (Crypt:2)
  8 giant cockroaches
  7 goblins
  12 hobgoblins
  9 jackals
  16 kobolds
  3 quokkas
  A ball python (D:5)
  6 bats
  5 frilled lizards
  2 goblin zombies (D:9)
  2 hobgoblin skeletons (D:9)
  2 hobgoblin zombies (D:9)
  A kobold simulacrum (Crypt:3)
  A leopard gecko skeleton (D:7)
  A leopard gecko zombie (D:4)
  3 orc skeletons (D:9)
  16 orc zombies (D:9)
  A quokka skeleton (D:4)
  A quokka zombie (Crypt:1)
  A rat (shapeshifter) (Vaults:5)
  16 rats
  6 briar patches
  2 bushes (D:5)
  3 crawling corpses
  2 fungi
  2 lurking horrors
  2 plants
  12 starspawn tentacles
3338 creatures vanquished.

Vanquished Creatures (others)
  A vampire knight (Depths:3)
  A stone giant (Depths:2)
  A purple draconian (Depths:5)
  5 yaktaur captains
  A hydra (Swamp:2)
  A centaur warrior (Vaults:2)
  A tengu warrior (Depths:2)
  An ogre mage (Vaults:2)
  2 hell hogs
  A naga sharpshooter (Snake:4)
  2 deep elf archers (Elf:1)
  4 deep elf magi
  A salamander (Snake:3)
  2 cyclopes (Vaults:2)
  A spiny frog (Swamp:1)
  A starcursed mass (Abyss:1)
  18 yaktaurs
  A hydra zombie (Hell)
  2 yaks
  A vampire mosquito (Swamp:3)
  A neqoxec (WizLab)
  A naga (Snake:3)
  A hell hound (Zig:3)
  A wight (Abyss:1)
  An orc wizard (Vaults:4)
  3 orcs (Orc:1)
  2 briar patches (Swamp:4)
  A bush (Lair:6)
  10 fungi
  A lurking horror (Abyss:3)
  21 plants
  46 starspawn tentacles
137 creatures vanquished.

Grand Total: 3475 creatures vanquished

Notes
Turn   | Place    | Note
-------+----------+-------------------------------------------
     0 | D:1      | Peloso the Minotaur Fighter began the quest for the Orb.
     0 | D:1      | Reached XP level 1. HP: 19/19 MP: 0/0
   131 | D:1      | Reached XP level 2. HP: 27/27 MP: 1/1
   307 | D:1      | Reached XP level 3. HP: 33/33 MP: 2/2
   922 | D:2      | Reached XP level 4. HP: 24/40 MP: 3/3
  1000 | D:2      | Found a basalt altar of Yredelemnul.
  1364 | D:2      | Reached skill level 1 in Stealth
  1364 | D:2      | Reached XP level 5. HP: 29/46 MP: 4/4
  1768 | D:4      | Reached skill level 1 in Dodging
  1772 | D:4      | Reached skill level 5 in Shields
  2034 | D:4      | Reached XP level 6. HP: 31/53 MP: 5/5
  2172 | D:4      | Found an iron altar of Okawaru.
  2179 | D:4      | Became a worshipper of Warmaster Okawaru
  2239 | D:4      | Reached skill level 5 in Long Blades
  2310 | D:4      | Found a shattered altar of Ashenzari.
  2356 | D:4      | Reached skill level 5 in Armour
  2614 | D:4      | Found a staircase to the Ecumenical Temple.
  2769 | D:5      | Entered Level 5 of the Dungeon
  2807 | D:5      | Noticed an ice beast
  2821 | D:5      | Killed an ice beast
  2821 | D:5      | Reached XP level 7. HP: 47/60 MP: 6/6
  2854 | D:5      | Reached * piety under Okawaru
  3082 | D:5      | Found a sacrificial altar of Ru.
  3363 | D:5      | Reached skill level 5 in Fighting
  3475 | D:5      | Reached ** piety under Okawaru
  3483 | D:5      | Got a translucent falchion
  3484 | D:5      | Identified the +5 falchion of the Pyrrhic Victory {slice,
                  | -Tele rC+ Str+2 Dex+2} (You found it on level 5 of the
                  | Dungeon)
  3854 | D:6      | Reached XP level 8. HP: 68/68 MP: 7/7
  3916 | D:6      | Found a transporter.
  3943 | D:6      | Noticed Eustachio
  3962 | D:6      | Killed Eustachio
  4042 | D:6      | Found a shimmering altar of Xom.
  4128 | D:6      | Found a transporter.
  4357 | D:6      | Noticed Menkaure
  4360 | D:6      | Killed Menkaure
  4377 | D:6      | Reached *** piety under Okawaru
  4511 | D:6      | Noticed Grinder
  4517 | D:6      | Paralysed by Grinder for 2 turns
  4522 | D:6      | Killed Grinder
  4598 | D:7      | Reached XP level 9. HP: 60/75 MP: 8/8
  4844 | D:7      | Found a hazy altar of Hepliaklqana.
  5159 | D:8      | Found an opulent altar of Gozag.
  5176 | D:8      | Noticed a two-headed ogre
  5185 | D:8      | Killed a two-headed ogre
  5185 | D:8      | Reached **** piety under Okawaru
  5185 | D:8      | Reached skill level 10 in Long Blades
  5351 | D:8      | Noticed Prince Ribbit
  5362 | D:8      | Killed Prince Ribbit
  5906 | D:9      | Reached ***** piety under Okawaru
  5906 | D:9      | Reached XP level 10. HP: 84/84 MP: 9/9
  5941 | D:9      | Found a staircase to the Orcish Mines.
  6295 | D:9      | Found a shimmering blue altar of Sif Muna.
  6779 | D:10     | Entered Level 10 of the Dungeon
  7322 | D:10     | Reached skill level 10 in Shields
  7389 | D:10     | Reached skill level 10 in Armour
  7578 | D:10     | Found a staircase to the Lair.
  8047 | D:10     | Found a portal to a secret trove of treasure.
  8087 | Trove    | Entered a treasure trove
  8096 | Trove    | Got a pitted brass ring
  8100 | Trove    | Got a glittering bronze ring
  8112 | Trove    | Got a glittering jade ring
  8122 | Trove    | Got a sparkling ruby amulet
  8126 | Trove    | Got a brightly glowing garnet amulet
  8134 | Trove    | Identified the ring "Pemiaf" {rF+ MR- Dex+8} (You found it
                  | in a treasure trove)
  8136 | Trove    | Identified the ring of Cadeo {rElec rN+ AC+3} (You found it
                  | in a treasure trove)
  8138 | Trove    | Identified the ring "Heacum" {AC+5 SInv} (You found it in a
                  | treasure trove)
  8139 | Trove    | Identified the amulet "Cuut" {Fragile +Rage MR+ Int+4
                  | Dex+3} (You found it in a treasure trove)
  8140 | Trove    | Identified the amulet "Daitzec" {Faith Str+6 Dex-5 Stlth+}
                  | (You found it in a treasure trove)
  8335 | Temple   | Entered the Ecumenical Temple
  8704 | Lair:1   | Entered Level 1 of the Lair of Beasts
  8754 | Lair:1   | You fall into a shaft and drop 1 floor!
  8754 | Lair:2   | Found a staircase to the Snake Pit.
  8887 | Lair:1   | Found a dark tunnel.
  8897 | Volcano  | Entered a volcano
  9114 | Volcano  | Noticed a wizard
  9119 | Volcano  | Killed a wizard
  9119 | Volcano  | Reached XP level 11. HP: 93/93 MP: 10/10
  9145 | Volcano  | Noticed a wizard
  9157 | Volcano  | Killed a wizard
  9179 | Volcano  | Noticed a wizard
  9192 | Volcano  | Noticed a wizard
  9196 | Volcano  | Killed a wizard
  9201 | Volcano  | Killed a wizard
  9287 | Volcano  | Noticed a +3 mace of flaming
  9310 | Volcano  | Killed a +3 mace of flaming
  9450 | Volcano  | Noticed a wizard
  9457 | Volcano  | Killed a wizard
  9874 | Lair:1   | Reached XP level 12. HP: 72/104 MP: 11/11
 10418 | Lair:2   | Noticed Gastronok
 10434 | Lair:2   | Killed Gastronok
 10434 | Lair:2   | Received a gift from Okawaru
 10779 | Lair:2   | Reached skill level 1 in Invocations
 11412 | Lair:2   | Reached skill level 5 in Dodging
 11921 | Lair:3   | Found a runed translucent door.
 11936 | Lair:3   | Noticed a six-headed hydra
 11950 | Lair:3   | Killed a six-headed hydra
 12386 | Lair:3   | Noticed a four-headed hydra
 12393 | Lair:3   | Killed a one-headed hydra
 12393 | Lair:3   | Received a gift from Okawaru
 12393 | Lair:3   | Reached skill level 10 in Fighting
 12449 | Lair:3   | Noticed a four-headed hydra
 12449 | Lair:3   | Noticed a seven-headed hydra
 12898 | Lair:3   | Killed a one-headed hydra
 13169 | Lair:3   | Killed a three-headed hydra
 13180 | Lair:3   | Reached XP level 13. HP: 81/114 MP: 13/13
 13423 | Lair:3   | Found a staircase to the Swamp.
 13493 | Lair:3   | Found a runed translucent door.
 14027 | Lair:4   | Got a smoking scale mail
 14038 | Lair:4   | Identified the +6 scale mail of Insatiable Hunger {-Cast
                  | Regen+ Dex-4 Stlth+} (You found it on level 4 of the Lair
                  | of Beasts)
 14155 | Lair:4   | Reached ****** piety under Okawaru
 15281 | D:11     | Received a gift from Okawaru
 15287 | D:11     | Got a fine long sword {god gift}
 15288 | D:11     | Identified the +0 long sword of True Grit {slice, rF++}
                  | (Okawaru gifted it to you on level 11 of the Dungeon)
 16962 | D:12     | Found Sahain's Jewellery Shoppe.
 17013 | D:12     | Bought the ring "Akubim" {rPois rCorr} for 405 gold pieces
 17220 | D:12     | Reached skill level 15 in Shields
 17298 | D:12     | Received a gift from Okawaru
 17956 | D:13     | Received a gift from Okawaru
 18284 | D:13     | Received a gift from Okawaru
 18453 | D:13     | Reached XP level 14. HP: 113/125 MP: 12/14
 18473 | D:13     | Got a crude ring mail
 18650 | D:13     | Reached skill level 15 in Long Blades
 19265 | D:13     | Received a gift from Okawaru
 19327 | D:13     | Got an encrusted long sword {god gift}
 19328 | D:13     | Identified the +2 long sword of Discretion {slice, Dex+3}
                  | (Okawaru gifted it to you on level 13 of the Dungeon)
 19408 | D:13     | Found a gate to the Vaults.
 19469 | D:13     | You are sucked into a shaft and drop 1 floor!
 19509 | D:14     | Found an ornate altar of the Wu Jian Council.
 19585 | D:14     | Found a frozen archway.
 19654 | IceCv    | Entered an ice cave
 20629 | IceCv    | Noticed a frost giant
 20654 | IceCv    | Killed a frost giant
 20654 | IceCv    | Received a gift from Okawaru
 20727 | IceCv    | Got a brightly glowing battleaxe
 21375 | Orc:1    | Entered Level 1 of the Orcish Mines
 21957 | Orc:2    | Entered Level 2 of the Orcish Mines
 22301 | Orc:2    | Noticed Saint Roka
 22752 | Orc:2    | Noticed a stone giant
 22768 | Orc:2    | Killed a stone giant
 22785 | Orc:2    | Found a roughly hewn altar of Beogh.
 22794 | Orc:2    | Reached XP level 15. HP: 102/134 MP: 15/15
 22997 | Orc:2    | Found Qoycau's Magic Scroll Boutique.
 23007 | Orc:2    | Received a gift from Okawaru
 23020 | Orc:2    | Got a faintly humming plate armour {god gift}
 23034 | Orc:2    | Identified the +15 plate armour "Vuurheto" {*Corrode rElec
                  | Int+2} (Okawaru gifted it to you on level 2 of the Orcish
                  | Mines)
 23035 | Orc:2    | Bought a scroll of identify for 28 gold pieces
 23035 | Orc:2    | Bought a scroll of identify for 28 gold pieces
 23041 | Orc:2    | Found Aheil's Gadget Shop.
 23086 | Orc:2    | Killed Saint Roka
 23197 | Orc:2    | Found a roughly hewn altar of Beogh.
 23229 | Orc:2    | Found Lipnuavy's Distillery.
 23250 | Orc:2    | Bought a potion of might for 64 gold pieces
 23638 | Orc:2    | Found Qiner's Food Shoppe.
 23969 | Orc:2    | Got a brightly glowing chain mail
 23980 | Orc:2    | Identified the +3 chain mail "Xoag" {Str+4} (You found it
                  | on level 2 of the Orcish Mines)
 24058 | Orc:2    | Found a staircase to the Elven Halls.
 24206 | Orc:2    | Bought a scroll of enchant armour for 105 gold pieces
 24206 | Orc:2    | Bought a scroll of enchant weapon for 105 gold pieces
 24206 | Orc:2    | Bought a scroll of blinking for 105 gold pieces
 24206 | Orc:2    | Bought a scroll of summoning for 133 gold pieces
 25144 | Lair:3   | Received a gift from Okawaru
 25687 | Lair:3   | Got a transparent falchion
 25688 | Lair:3   | Identified the +9 falchion "Tehepsy" {freeze, *Contam rF+
                  | rN+ Dex+2} (You found it on level 3 of the Lair of Beasts)
 26011 | Lair:1   | Identified the +2 ring mail "Tuemu" {rN++ MP-9 SInv} (You
                  | found it on level 13 of the Dungeon)
 26271 | Lair:5   | Found a gate leading to a gauntlet.
 26285 | Gauntlet | Entered a Gauntlet
 26285 | Gauntlet | Found a transporter.
 26292 | Gauntlet | Found a transporter.
 26294 | Gauntlet | Found a transporter.
 26312 | Gauntlet | Found a transporter.
 26323 | Gauntlet | Found a transporter.
 26338 | Gauntlet | Found a transporter.
 26342 | Gauntlet | Found a transporter.
 26344 | Gauntlet | Found a transporter.
 26361 | Gauntlet | Found a runed translucent door.
 26363 | Gauntlet | Found a transporter.
 26365 | Gauntlet | Found a runed translucent door.
 26376 | Gauntlet | Found a transporter.
 26380 | Gauntlet | Found a transporter.
 26380 | Gauntlet | Found a transporter.
 26382 | Gauntlet | Found a transporter.
 26384 | Gauntlet | Found a runed translucent gate.
 26384 | Gauntlet | Found a runed translucent gate.
 26384 | Gauntlet | Found a runed translucent gate.
 26417 | Gauntlet | Found a transporter.
 26735 | Gauntlet | Got a faintly glowing steel amulet
 26834 | Gauntlet | Got a vibrating bronze ring
 26836 | Gauntlet | Identified the ring "Iqeqon" {rC+ MP+9 Dex+4} (You found it
                  | in a Gauntlet)
 27142 | Lair:5   | Found a staircase to the Slime Pits.
 27565 | Lair:5   | Received a gift from Okawaru
 27688 | Lair:6   | Entered Level 6 of the Lair of Beasts
 27701 | Lair:6   | Noticed Josephine
 27715 | Lair:6   | Killed Josephine
 28053 | Lair:6   | Received a gift from Okawaru
 28056 | Lair:6   | Got a jet-encrusted plate armour {god gift}
 28067 | Lair:6   | Identified the +7 plate armour "Gysang" {rF+ Dex+4}
                  | (Okawaru gifted it to you on level 6 of the Lair of Beasts)
 28158 | Lair:6   | Reached XP level 16. HP: 17/146 MP: 16/16
 28158 | Lair:6   | HP: 4/146 [death yak (13)]
 28874 | Lair:6   | Identified the amulet of Altruism {Inacc MR+ Str+2 Int+4}
                  | (You found it in a Gauntlet)
 30205 | D:14     | Received a gift from Okawaru
 30206 | D:14     | Found the +3 robe of Clouds {+Thunder rCloud rElec}
 30764 | D:14     | Reached skill level 15 in Armour
 31339 | D:15     | Entered Level 15 of the Dungeon
 31373 | D:15     | Reached skill level 15 in Fighting
 31397 | D:15     | Found Jety's Food Emporium.
 31896 | D:15     | Found a staircase to the Depths.
 32305 | Swamp:1  | Entered Level 1 of the Swamp
 32373 | Swamp:1  | Received a gift from Okawaru
 32386 | Swamp:1  | You are sucked into a shaft and drop 1 floor!
 32697 | Swamp:2  | Got a scintillating brass ring
 32703 | Swamp:2  | Noticed a thorn hunter
 33140 | Swamp:2  | Killed a thorn hunter
 33151 | Swamp:2  | Reached XP level 17. HP: 107/156 MP: 17/17
 33582 | Swamp:1  | HP: 2/156 [tyrant leech[a spriggan druid] (13)]
 34241 | Swamp:1  | Identified the Compendium of Companions and Battle Magic
 34425 | Snake:1  | Entered Level 1 of the Snake Pit
 34958 | Snake:1  | Received a gift from Okawaru
 37108 | Snake:3  | Received a gift from Okawaru
 37236 | Snake:3  | Found Tocuumui's Distillery.
 37253 | Snake:3  | Bought a potion of curing for 33 gold pieces
 37253 | Snake:3  | Bought a potion of heal wounds for 55 gold pieces
 37854 | Snake:3  | Found the +2 Maxwell's thermic engine {flame, freeze}
 38039 | Snake:3  | Got a pitted long sword
 38040 | Snake:3  | Identified the +0 long sword "Ifetuon" {flame, Str+3} (You
                  | found it on level 3 of the Snake Pit)
 38326 | Swamp:3  | Received a gift from Okawaru
 38349 | Swamp:3  | Identified the ring of Biuklure {*Tele +Inv rF+} (You found
                  | it on level 2 of the Swamp)
 38353 | Swamp:3  | Got a pitted scimitar {god gift}
 38354 | Swamp:3  | Identified the +6 scimitar of Profit {slice, Int+4 Dex+4
                  | Stlth+} (Okawaru gifted it to you on level 3 of the Swamp)
 38357 | Swamp:3  | Identified a scroll of acquirement
 39765 | Swamp:3  | Reached XP level 18. HP: 163/168 MP: 18/18
 40355 | Elf:1    | Entered Level 1 of the Elven Halls
 40451 | Elf:1    | Received a gift from Okawaru
 40549 | Elf:1    | Got a pair of steaming gloves {god gift}
 40560 | Elf:1    | Identified the +2 pair of gloves of Xipeodut {rElec rCorr
                  | Str+2 Slay-3} (Okawaru gifted it to you on level 1 of the
                  | Elven Halls)
 40593 | Elf:1    | Identified the Catalogue of the Entourage
 41247 | Elf:2    | Found Lezxipn's Food Shop.
 41381 | Elf:2    | Found a runed translucent gate.
 41381 | Elf:2    | Found a runed translucent gate.
 41385 | Elf:2    | Found a runed translucent gate.
 41626 | Elf:2    | Received a gift from Okawaru
 41633 | Elf:2    | Got a smoking cloak {god gift}
 41644 | Elf:2    | Identified the +0 cloak "Bulu Wosa" {Int+4 Dex+5} (Okawaru
                  | gifted it to you on level 2 of the Elven Halls)
 41809 | Elf:3    | Entered Level 3 of the Elven Halls
 42305 | Elf:3    | Noticed Bai Suzhen
 42316 | Elf:3    | Killed Bai Suzhen
 42384 | Elf:3    | Identified the Reference Book on the Helpful Frostbite
 43018 | Elf:3    | Received a gift from Okawaru
 43059 | Elf:3    | Received a gift from Okawaru
 43059 | Elf:3    | Reached XP level 19. HP: 51/178 MP: 19/19
 43456 | Elf:3    | Identified the ring of Qucick {Wiz rPois rC- Int+5}
 43465 | Elf:3    | Identified the +11 great mace "Minotaur's Curse" {crush,
                  | rElec rN+ Dex+4}
 43486 | Elf:3    | HP: 6/179 [sun demon[a deep elf demonologist] (10)]
 44022 | Elf:3    | Identified the +10 long sword of Malaise {flame, rElec
                  | SInv}
 44059 | Elf:3    | Got a scorched plate armour
 44070 | Elf:3    | Identified the +1 plate armour "Daps" {rElec rC+} (You
                  | found it on level 3 of the Elven Halls)
 45101 | Elf:3    | Identified the Almanac of Displacement and Creation
 45115 | Elf:3    | Identified the Tome of Bread
 45519 | Elf:2    | Received a gift from Okawaru
 46346 | Swamp:4  | Entered Level 4 of the Swamp
 46615 | Swamp:4  | Noticed the 27-headed Lernaean hydra
 46636 | Swamp:4  | Killed the 23-headed Lernaean hydra
 46636 | Swamp:4  | Received a gift from Okawaru
 46737 | Swamp:4  | Got a decaying rune of Zot
 47165 | Snake:4  | Entered Level 4 of the Snake Pit
 47449 | Snake:4  | Found an ornate altar of the Wu Jian Council.
 47489 | Snake:4  | Reached XP level 20. HP: 181/189 MP: 20/20
 47975 | Snake:4  | Received a gift from Okawaru
 47986 | Snake:4  | Got a bloodstained long sword {god gift}
 48734 | Snake:4  | Got a serpentine rune of Zot
 49054 | Lair:1   | Identified the +2 long sword of Death's Door {venom, rElec}
                  | (Okawaru gifted it to you on level 4 of the Snake Pit)
 49275 | Vaults:1 | Entered Level 1 of the Vaults
 49295 | Vaults:1 | You are sucked into a shaft and drop 1 floor!
 49334 | Vaults:2 | Received a gift from Okawaru
 49472 | Vaults:2 | Found a magical portal.
 49775 | WizLab   | HP: 9/189 [blizzard demon/bolt of cold (31)]
 50398 | WizLab   | Noticed Akuitt
 50406 | WizLab   | Killed Akuitt the Hellbinder
 50416 | WizLab   | Found a burning altar of Makhleb.
 50428 | WizLab   | Got a steaming golden ring
 50429 | WizLab   | Identified Hotank's Catalogue of Calling
 50434 | WizLab   | Identified the ring "Biumn" {rPois rC+ Str+3 Slay+2 Stlth-}
                  | (You found it in a wizard's laboratory)
 50469 | WizLab   | Got a transparent silver ring
 50472 | WizLab   | Got a shimmering pewter ring
 50474 | WizLab   | Identified the cursed ring of Democracy {Str-5 Int+4} (You
                  | found it in a wizard's laboratory)
 50479 | WizLab   | Identified the ring of the Little Devil {Ice Str-4 Int+5
                  | Dex+3} (You found it in a wizard's laboratory)
 50620 | Vaults:2 | Noticed Sojobo
 50658 | Vaults:2 | Killed Sojobo
 50986 | Vaults:2 | Noticed Nikola
 50996 | Vaults:2 | Killed Nikola
 51089 | Vaults:2 | Received a gift from Okawaru
 51103 | Vaults:2 | Found a staircase to the Crypt.
 51255 | Vaults:2 | Reached XP level 21. HP: 198/198 MP: 21/21
 52035 | Vaults:1 | Found Veamuirph's Book Emporium.
 52625 | Vaults:1 | Received a gift from Okawaru
 52633 | Vaults:1 | Got a pair of twisted gloves {god gift}
 52644 | Vaults:1 | Identified the +0 pair of gloves of Joisur {rPois MR+
                  | Stlth+} (Okawaru gifted it to you on level 1 of the Vaults)
 53622 | Vaults:3 | Got a steaming hat
 53633 | Vaults:3 | Identified the +1 hat "Kiba" {-Tele Str+4 Int+5 Dex+2} (You
                  | acquired it on level 3 of the Vaults)
 53808 | Vaults:3 | Reached skill level 27 in Shields
 53867 | Vaults:3 | Received a gift from Okawaru
 54107 | Vaults:3 | Got a brightly glowing broad axe
 54108 | Vaults:3 | Identified the +9 broad axe "Vaumnegg" {drain, rElec Int+2}
                  | (You found it on level 3 of the Vaults)
 54194 | Vaults:4 | Received a gift from Okawaru
 54518 | Vaults:4 | Reached XP level 22. HP: 211/211 MP: 22/22
 54763 | Vaults:4 | Received a gift from Okawaru
 54766 | Vaults:4 | Got an ichor-stained scimitar {god gift}
 54772 | Vaults:4 | Identified the +6 scimitar of Courage {slice, MR+ Dex+2}
                  | (Okawaru gifted it to you on level 4 of the Vaults)
 55599 | Vaults:5 | Entered Level 5 of the Vaults
 55599 | Vaults:5 | Noticed a golden dragon
 55602 | Vaults:5 | Noticed a golden dragon
 55948 | Vaults:5 | Killed a golden dragon
 56173 | Vaults:5 | Killed a golden dragon
 56174 | Vaults:5 | Received a gift from Okawaru
 56534 | Vaults:5 | Got a silver rune of Zot
 56669 | Vaults:5 | Paralysed by a sphinx for 2 turns
 57423 | Vaults:5 | Received a gift from Okawaru
 57461 | Vaults:5 | Reached XP level 23. HP: 123/223 MP: 23/23
 57469 | Vaults:5 | Noticed an ancient lich
 57482 | Vaults:5 | Killed an ancient lich
 57513 | Vaults:5 | Got a smoking large shield {god gift}
 57519 | Vaults:5 | Identified the +14 large shield of Articulation {-Tele
                  | Int+4} (Okawaru gifted it to you on level 5 of the Vaults)
 58782 | Vaults:4 | Received a gift from Okawaru
 59529 | Vaults:5 | Identified the Compendium of Companions and Evil Rites
 59871 | Vaults:5 | Got a pair of dazzling gloves
 59882 | Vaults:5 | Identified the +0 pair of gloves "Byhen" {rF++ rCorr Int+4}
                  | (You acquired it on level 5 of the Vaults)
 60099 | Depths:1 | Entered Level 1 of the Depths
 60173 | Depths:1 | Received a gift from Okawaru
 60348 | Depths:1 | Got a distressingly furry scale mail {god gift}
 60349 | Depths:1 | Identified the +3 scale mail of the Pleiades {+Fly Str+3
                  | Dex-2 Slay+5} (Okawaru gifted it to you on level 1 of the
                  | Depths)
 60456 | Depths:1 | Got a warped brass ring
 60458 | Depths:1 | Identified the ring of Adwodufao {+Inv rF+ rC+ Str+2 Int+2}
                  | (You found it on level 1 of the Depths)
 60557 | Depths:1 | Found a gateway to Hell.
 60561 | Depths:1 | Noticed Asterion
 60573 | Depths:1 | Killed Asterion
 60626 | Depths:1 | Found Hashreut's Elemental Accessories.
 60759 | Depths:1 | Found a runed translucent gate.
 60771 | Depths:1 | Found a runed translucent gate.
 60786 | Depths:1 | Found a runed translucent gate.
 60883 | Depths:1 | Received a gift from Okawaru
 60942 | Depths:1 | Got a twisted plate armour {god gift}
 61352 | Depths:1 | Identified the +12 plate armour of the Thunderstorm {Dex+6}
                  | (Okawaru gifted it to you on level 1 of the Depths)
 61355 | Depths:1 | Found a runed translucent gate.
 61355 | Depths:1 | Found a runed translucent gate.
 61358 | Depths:1 | Noticed Zal Weac's ghost (master GrEE)
 61362 | Depths:1 | Found a runed translucent gate.
 62550 | Depths:2 | Reached XP level 24. HP: 236/236 MP: 23/23
 62767 | Depths:2 | Found a runed translucent door.
 63568 | Depths:2 | Reached skill level 10 in Dodging
 63571 | Depths:2 | Received a gift from Okawaru
 64576 | Depths:2 | Identified Hoeguegi's Catalogue of Orientation
 64642 | Depths:2 | Got a translucent scythe
 64643 | Depths:2 | Identified the cursed +3 scythe "Huets" {freeze, rC- rN++
                  | Str+6} (You found it on level 2 of the Depths)
 64677 | Depths:2 | Identified the Handbook of Ensnaring Flight
 64825 | Depths:3 | Noticed Jory
 64832 | Depths:3 | Killed Jory
 64873 | Depths:3 | Noticed Margery
 64886 | Depths:3 | Killed Margery
 64886 | Depths:3 | Received a gift from Okawaru
 65016 | Depths:3 | Noticed Xtahua
 65019 | Depths:3 | Paralysed by Xtahua for 7 turns
 65032 | Depths:3 | Killed Xtahua
 65201 | Depths:3 | Noticed a juggernaut
 65212 | Depths:3 | Killed a juggernaut
 65219 | Depths:3 | Received a gift from Okawaru
 65251 | Depths:3 | Paralysed by a floating eye for 2 turns
 65267 | Depths:3 | Got a bone morningstar {god gift}
 65268 | Depths:3 | Identified the +5 morningstar of Joyful Slaughter {freeze,
                  | Str+2 Dex+3 SInv} (Okawaru gifted it to you on level 3 of
                  | the Depths)
 65308 | Depths:3 | Reached XP level 25. HP: 221/249 MP: 15/23
 65598 | Depths:3 | Found a one-way gate to the infinite horrors of the Abyss.
 65768 | Depths:3 | Noticed Frederick
 65782 | Depths:3 | Killed Frederick
 65792 | Depths:3 | Found a one-way gate leading to the halls of Pandemonium.
 65970 | Depths:3 | Received a gift from Okawaru
 66871 | Depths:4 | Found Tuimuss's Book Emporium.
 66917 | Depths:4 | Paralysed by a floating eye for 4 turns
 67129 | Depths:4 | Found a gateway to a ziggurat.
 67450 | Depths:5 | Entered Level 5 of the Depths
 67479 | Depths:5 | Received a gift from Okawaru
 67535 | Depths:5 | Got a smoking long sword {god gift}
 67536 | Depths:5 | Identified the +1 long sword "Ropacroh" {elec, rPois rF-
                  | rN+++ Dex+2} (Okawaru gifted it to you on level 5 of the
                  | Depths)
 68468 | Depths:5 | Received a gift from Okawaru
 68469 | Depths:5 | Found the +15 Maxwell's patent armour {-Cast -Tele rElec
                  | MR+ rCorr}
 68544 | Depths:5 | Found a gate to the Realm of Zot.
 69371 | Crypt:1  | Entered Level 1 of the Crypt
 70839 | Crypt:2  | Found a runed translucent door.
 70840 | Crypt:2  | Noticed an ancient lich
 70853 | Crypt:2  | Killed an ancient lich
 71035 | Crypt:3  | Entered Level 3 of the Crypt
 71109 | Crypt:3  | Reached XP level 26. HP: 264/264 MP: 23/23
 71232 | Crypt:3  | Found a basalt altar of Yredelemnul.
 71305 | Crypt:3  | Received a gift from Okawaru
 71948 | Crypt:3  | Reached skill level 27 in Fighting
 71977 | Crypt:3  | Found a staircase to the Tomb.
 71979 | Crypt:3  | Found the +10 dark maul {crush}
 72010 | Crypt:3  | Got a crude cloak
 72252 | Crypt:3  | Identified the +1 cloak of Beneawn {rElec rPois rF+ rN+}
                  | (You acquired it on level 3 of the Crypt)
 72463 | Crypt:3  | Reached skill level 27 in Long Blades
 72789 | Crypt:3  | Found the +3 warlock's mirror {reflect}
 72807 | Crypt:3  | Got a slimy broad axe
 72809 | Crypt:3  | Got a glittering granite ring
 72814 | Crypt:3  | Identified the +6 broad axe of Fuhawn {freeze, rF+ MR+
                  | Int-3} (You found it on level 3 of the Crypt)
 73564 | Lair:1   | Identified the ring of Ketoadia {Ice MR+ Int+4 Slay+3} (You
                  | found it on level 3 of the Crypt)
 73870 | Depths:1 | Killed Zal Weac's ghost
 74206 | Depths:1 | Gained mutation: You tend to lose your temper in combat.
                  | [mutagenic glow]
 74874 | Slime:1  | Entered Level 1 of the Pits of Slime
 74909 | Slime:1  | Received a gift from Okawaru
 75434 | Slime:5  | Entered Level 5 of the Pits of Slime
 76140 | Slime:5  | Noticed the Royal Jelly
 76426 | Slime:4  | Gained mutation: Armour fits poorly on your strangely
                  | shaped body. [a shining eye]
 76603 | Slime:5  | Killed the Royal Jelly
 76603 | Slime:5  | Received a gift from Okawaru
 76603 | Slime:5  | Reached XP level 27. HP: 175/271 MP: 23/24
 76624 | Slime:5  | Got a pair of polished boots {god gift}
 76635 | Slime:5  | Identified the +0 pair of boots of Okawaru's Approval {rC+
                  | Dex+5} (Okawaru gifted it to you on level 5 of the Pits of
                  | Slime)
 76922 | Slime:5  | Found the +11 plutonium sword {*Contam Stlth-}
 76942 | Slime:5  | Identified the Compendium of Attacks
 76991 | Slime:5  | Got a slimy rune of Zot
 77044 | Slime:5  | Got a twisted mace
 77045 | Slime:5  | Identified the cursed +0 mace of Beogh {venom, Int+9} (You
                  | found it on level 5 of the Pits of Slime)
 77313 | Lair:1   | Lost mutation: Armour fits poorly on your strangely shaped
                  | body. [potion of mutation]
 77313 | Lair:1   | Lost mutation: You tend to lose your temper in combat.
                  | [potion of mutation]
 77313 | Lair:1   | Gained mutation: Your spells are a little easier to cast,
                  | but a little less powerful. [potion of mutation]
 77313 | Lair:1   | Gained mutation: You possess an exceptional clarity of
                  | mind. [potion of mutation]
 77313 | Lair:1   | Gained mutation: You can translocate small distances at
                  | will. [potion of mutation]
 77680 | Hell     | Entered the Vestibule of Hell
 77680 | Hell     | Noticed Geryon
 78304 | Hell     | Killed Geryon
 78657 | Hell     | Found a gateway to the freezing wastes of Cocytus.
 78790 | Hell     | Found a gateway to the decaying netherworld of Tartarus.
 78791 | Hell     | Found a gateway to the Iron City of Dis.
 78848 | Hell     | Found a gateway to the ashen valley of Gehenna.
 79166 | Zot:1    | Entered Level 1 of the Realm of Zot
 79174 | Zot:1    | Received a gift from Okawaru
 79221 | Zot:1    | Got an ancient chain mail
 79222 | Zot:1    | Identified the +5 chain mail of Josm {rPois Int+4} (You
                  | found it on level 1 of the Realm of Zot)
 80035 | Zot:1    | Reached skill level 5 in Invocations
 80279 | Zot:1    | Reached skill level 5 in Stealth
 80586 | Zot:2    | Received a gift from Okawaru
 80623 | Zot:2    | Got a pair of fine gloves {god gift}
 80634 | Zot:2    | Identified the +0 pair of gloves "Qaett" {rF+ rC+ Str-3}
                  | (Okawaru gifted it to you on level 2 of the Realm of Zot)
 81152 | Zot:2    | Found Uximawne's Changing Room.
 81171 | Zot:2    | Bought a potion of mutation for 88 gold pieces
 81364 | Zot:3    | Reached skill level 27 in Armour
 81647 | Zot:3    | Received a gift from Okawaru
 82484 | Zot:4    | Gained mutation: You occasionally shout uncontrollably at
                  | your foes. [mutagenic glow]
 82543 | Zot:4    | Got a translucent mace
 82544 | Zot:4    | Identified the cursed +1 mace of the Bear {freeze, +Inv
                  | Int+5} (You found it on level 4 of the Realm of Zot)
 82943 | Zot:4    | Found a runed translucent door.
 82944 | Zot:4    | Found a shimmering altar of Xom.
 82944 | Zot:4    | Noticed Uneer's ghost (legendary GnFE)
 82951 | Zot:4    | Reached skill level 15 in Dodging
 83310 | Zot:4    | Received a gift from Okawaru
 83552 | Zot:4    | Killed Uneer's ghost
 84124 | Lair:1   | Upgraded the game from 0.24.0-7-gb3623d2c88 to
                  | 0.24.0-10-g970556be89
 85257 | Orc:2    | Bought a potion of haste for 160 gold pieces
 85257 | Orc:2    | Bought a potion of haste for 160 gold pieces
 85363 | Orc:2    | Bought a scroll of teleportation for 42 gold pieces
 85363 | Orc:2    | Bought a scroll of fog for 28 gold pieces
 85373 | Orc:2    | Bought a wand of digging (8) for 336 gold pieces
 85690 | Geh:1    | Entered Level 1 of Gehenna
 85748 | Geh:1    | Received a gift from Okawaru
 85751 | Geh:1    | Got a twisted executioner's axe {god gift}
 85792 | Hell     | Gained mutation: You are frail. (-10% HP) [mutagenic glow]
 86071 | Depths:3 | Voluntarily entered the Abyss.
 86131 | Abyss:1  | Found a corrupted altar of Lugonu.
 86230 | Abyss:1  | Found a corrupted altar of Lugonu.
 86604 | Abyss:2  | Reached skill level 10 in Stealth
 86744 | Abyss:3  | Gained mutation: You are very frail. (-20% HP) [a neqoxec]
 86823 | Abyss:3  | Found a corrupted altar of Lugonu.
 86830 | Abyss:3  | Received a gift from Okawaru
 86834 | Abyss:3  | Got a scorched plate armour {god gift}
 86836 | Abyss:3  | Identified the +8 plate armour of Poamo {+Blink rElec rF+
                  | Dex+3} (Okawaru gifted it to you on level 3 of the Abyss)
 87190 | Abyss:4  | Found a hazy altar of Hepliaklqana.
 87238 | Abyss:4  | Lost mutation: You possess an exceptional clarity of mind.
                  | [a neqoxec]
 87241 | Abyss:4  | Gained mutation: You are weak. (Str -2) [a neqoxec]
 87320 | Abyss:4  | Gained mutation: Scrolls take you a little longer to read.
                  | [a neqoxec]
 87717 | Abyss:4  | Paralysed by accursed screaming for 1 turns
 87802 | Abyss:4  | Received a gift from Okawaru
 88011 | Abyss:4  | Found a corrupted altar of Lugonu.
 88353 | Abyss:4  | Reached skill level 1 in Evocations
 88362 | Depths:3 | Escaped the Abyss
 88834 | Depths:3 | Voluntarily entered the Abyss.
 88916 | Abyss:1  | Gained mutation: You are occasionally teleported next to
                  | monsters. [a neqoxec]
 88940 | Depths:3 | Escaped the Abyss
 89386 | Depths:3 | Voluntarily entered the Abyss.
 89524 | Abyss:1  | Received a gift from Okawaru
 89537 | Abyss:1  | Gained mutation: Armour fits poorly on your strangely
                  | shaped body. [a cacodemon]
 89801 | Depths:3 | Escaped the Abyss
 89804 | Depths:3 | Lost mutation: You are weak. (Str -2) [potion of mutation]
 89804 | Depths:3 | Lost mutation: Scrolls take you a little longer to read.
                  | [potion of mutation]
 89804 | Depths:3 | Lost mutation: Armour fits poorly on your strangely shaped
                  | body. [potion of mutation]
 89804 | Depths:3 | Gained mutation: You have sharp toenails. [potion of
                  | mutation]
 89805 | Depths:3 | Lost mutation: You occasionally shout uncontrollably at
                  | your foes. [potion of mutation]
 89805 | Depths:3 | Lost mutation: You can translocate small distances at will.
                  | [potion of mutation]
 89805 | Depths:3 | Lost mutation: You have sharp toenails. [potion of
                  | mutation]
 89805 | Depths:3 | Gained mutation: You are weak. (Str -2) [potion of
                  | mutation]
 89805 | Depths:3 | Gained mutation: You have an increased reservoir of magic.
                  | (+10% MP) [potion of mutation]
 89806 | Depths:3 | Lost mutation: You are weak. (Str -2) [potion of mutation]
 89806 | Depths:3 | Lost mutation: Your spells are a little easier to cast, but
                  | a little less powerful. [potion of mutation]
 89806 | Depths:3 | Lost mutation: You are very frail. (-20% HP) [potion of
                  | mutation]
 89806 | Depths:3 | Gained mutation: You expend magic power (3 MP) to
                  | strengthen your wands. [potion of mutation]
 89806 | Depths:3 | Gained mutation: Your system is resistant to poisons.
                  | (rPois) [potion of mutation]
 89807 | Depths:3 | Lost mutation: You are frail. (-10% HP) [potion of
                  | mutation]
 89807 | Depths:3 | Lost mutation: You expend magic power (3 MP) to strengthen
                  | your wands. [potion of mutation]
 89807 | Depths:3 | Gained mutation: You possess an exceptional clarity of
                  | mind. [potion of mutation]
 89807 | Depths:3 | Gained mutation: Armour fits poorly on your strangely
                  | shaped body. [potion of mutation]
 89807 | Depths:3 | Gained mutation: You are weak. (Str -2) [potion of
                  | mutation]
 89807 | Depths:3 | Gained mutation: You are partially covered in yellow
                  | scales. (AC +2) [potion of mutation]
 89808 | Depths:3 | Lost mutation: You possess an exceptional clarity of mind.
                  | [potion of mutation]
 89808 | Depths:3 | Lost mutation: You are weak. (Str -2) [potion of mutation]
 89808 | Depths:3 | Gained mutation: You expend magic power (3 MP) to
                  | strengthen your wands. [potion of mutation]
 89808 | Depths:3 | Gained mutation: You are covered in fur. (AC +1) [potion of
                  | mutation]
 89808 | Depths:3 | Lost mutation: You are occasionally teleported next to
                  | monsters. [potion of mutation]
 89808 | Depths:3 | Gained mutation: Your spells are a little harder to cast,
                  | but a little more powerful. [potion of mutation]
 90054 | Lair:1   | Identified the +2 executioner's axe of Rotation {venom,
                  | SInv} (Okawaru gifted it to you on level 1 of Gehenna)
 91261 | Zig:1    | Entered Level 1 of a ziggurat
 91304 | Zig:1    | Got a pair of translucent gloves
 91315 | Zig:1    | Identified the +3 pair of gloves of the Land of Plenty
                  | {MR+} (You acquired it on level 1 of a ziggurat)
 91328 | Zig:2    | Entered Level 2 of a ziggurat
 91428 | Zig:3    | Entered Level 3 of a ziggurat
 91456 | Zig:3    | Identified the Grimoire of the Cankerous Mountains
 91548 | Zig:4    | Entered Level 4 of a ziggurat
 91805 | Zig:5    | Entered Level 5 of a ziggurat
 91823 | Zig:5    | Received a gift from Okawaru
 91845 | Zig:5    | Got a scorched plate armour {god gift}
 91846 | Zig:5    | Identified the +9 plate armour of the Ego {rElec Int+5
                  | Stlth-} (Okawaru gifted it to you on level 5 of a ziggurat)
 92329 | Zig:6    | Entered Level 6 of a ziggurat
 92494 | Zig:7    | Entered Level 7 of a ziggurat
 92634 | Zig:8    | Entered Level 8 of a ziggurat
 92755 | Zig:9    | Entered Level 9 of a ziggurat
 92771 | Zig:9    | Lost mutation: You have an increased reservoir of magic.
                  | (+10% MP) [a cacodemon]
 92773 | Zig:9    | Noticed Xarunal the pandemonium lord
 92795 | Zig:9    | Killed Xarunal the pandemonium lord
 92795 | Zig:9    | Gained mutation: Your body sometimes deteriorates upon
                  | taking damage. [a cacodemon]
 93380 | Zig:9    | Got a flickering copper amulet
 93381 | Zig:9    | Identified the amulet "Wote" {Harm *Drain Str+4 Dex+4} (You
                  | found it on level 9 of a ziggurat)
 93387 | Zig:9    | Identified Nochamephe's Tome of Assistive Intoxication
 93458 | Zig:10   | Entered Level 10 of a ziggurat
 93469 | Zig:10   | Found the +10 large shield of Ignorance {rN+ Int-4}
 93516 | Zig:10   | Identified the Tome of Assistive Execration
 93773 | Zig:11   | Entered Level 11 of a ziggurat
 93781 | Zig:11   | Noticed a greater mummy
 93806 | Zig:11   | Killed a greater mummy
 93810 | Zig:11   | Noticed a greater mummy
 93813 | Zig:11   | Received a gift from Okawaru
 93819 | Zig:11   | Found the +7 sceptre of Torment {pain, torment}
 93824 | Zig:11   | HP: 12/273 [greater mummy/divine providence (12)]
 93824 | Zig:11   | Killed from afar by a mummy priest

Levels and vault maps discovered:
D:1:      psy_arrival_statuary, layout_rooms, chequers_serial_rivers_small_3,
          feat_on_display
D:2:      layout_basic, yredelemnul_altar_generic
D:3:      layout_basic
D:4:      layout_loops_ring, kennysheep_mini_moat, minmay_temple_entry_poolview,
          first_ration, okawaru_gym_becter
D:5:      kennysheep_six_static_rooms, layout_loops_ring, lemuel_doored_altar,
          kennysheep_pointless_box, lexackson_kobold_supper
D:6:      gammafunk_cloud_chamber, layout_loops_ring,
          nicolae_overflow_crystal_walls, uniq_grinder, uniq_menkaure,
          uniq_eustachio
D:7:      layout_rooms, lemuel_crystal_altar
D:8:      layout_cave_pools, kennysheep_mini, uniq_prince_ribbit1
D:9:      layout_cave_pods, nicolae_overflow_hidden_temple, zombieorc2_lemuel
D:10:     minmay_evil_eye, layout_basic, erik_lair_dragon, enter_trove_0
D:11:     layout_loops_ring, grunt_livestock, minmay_increasing_density
D:12:     layout_small_grid, serial_shops, shop
D:13:     minmay_the_grid_square_5x5_5x5 [minmay_the_grid_square_5x5_corner,
          minmay_the_grid_square_5x5_tetrominoes,
          minmay_the_grid_square_5x5_misaligned,
          minmay_the_grid_square_5x5_three,
          minmay_the_grid_square_5x5_three_walls,
          minmay_the_grid_square_5x5_two,
          minmay_the_grid_square_5x5_prize_deathbox,
          minmay_the_grid_square_5x5_moneybag,
          minmay_the_grid_square_5x5_prize_itemx,
          minmay_the_grid_square_5x5_comb, minmay_the_grid_square_5x5_hourglass,
          minmay_the_grid_square_5x5_eight,
          minmay_the_grid_square_5x5_prize_monsterx,
          minmay_the_grid_square_5x5_six, minmay_the_grid_square_5x5_spiral,
          minmay_the_grid_square_5x5_forky,
          minmay_the_grid_square_5x5_prize_waves,
          minmay_the_grid_square_5x5_bite,
          minmay_the_grid_square_5x5_prize_pseudospiral,
          minmay_the_grid_square_5x5_z, minmay_the_grid_square_5x5_tri_point,
          minmay_the_grid_square_5x5_pentomino_r,
          minmay_the_grid_square_5x5_half_checkered,
          minmay_the_grid_square_5x5_inner_i, minmay_the_grid_square_5x5_empty],
          layout_irregular_city, david_vaults_4, serial_ice, serial_ice_n,
          serial_ice_j, serial_ice_m, serial_ice_o, serial_ice_e, serial_ice_b,
          serial_ice_g
D:14:     four-leaf_vault, layout_basic, chequers_garden, basic_altar,
          portal_ice_cave_entry_imps, minmay_holes
D:15:     hangedman_depths_entry_try_elsewhere_first, layout_rooms,
          serial_shops, shop, hangedman_decor_growths
Temple:   regret_index_temple_sphere_string
Lair:1:   layout_big_grid, lightli_volcano_entry_magma_tube
Lair:2:   layout_small_grid, minmay_snake_entry_guardpost_small,
          minmay_lindwurm_lava, grunt_megastairs_5, uniq_gastronok
Lair:3:   gammafunk_mikee_crab_dinner, layout_gridlike,
          palyth_hydra_swamp_entry, pf_torpor_hydra, serial_bayou_shore_a,
          serial_bayou_shore_b
Lair:4:   layout_loops_ring, bobbens_ice_dragon_lair
Lair:5:   layout_long_grid, minmay_slime_entry_oklob_open,
          gauntlet_entry_generic, beast_lair_carwin_11,
          infiniplex_staircase_pool
Lair:6:   evilmike_catoblepas_cave, layout_cave_pods, lookout_lair_type,
          st_stairs_9, uniq_josephine
Swamp:1:  layout_basic_swamp, evilmike_swamp_ruin_rubble_1, swamp_pool2
Swamp:2:  layout_falls_marsh, evilmike_swamp_ruin_house_4
Swamp:3:  layout_basic_swamp, nicolae_swamp_fairy_circle,
          cheibrodos_swamp_kobolds
Swamp:4:  swamp_old_school, layout_basic_swamp
Snake:1:  layout_cave_shapes, grunt_ministairs_10, grunt_megastairs_4,
          lemuel_fruit_tree
Snake:2:  layout_cave_shapes, drop_trap, serial_bayou_shore_b
Snake:3:  layout_onion, serial_shops, shop_statue, grunt_ministairs_11,
          nrook_guardian_serpent_double
Snake:4:  snake_pit_salamanders_mu, layout_rooms, lemuel_oklob_altar
Slime:1:  layout_caves, special_room [special_room_jelly]
Slime:2:  layout_caves
Slime:3:  layout_caves
Slime:4:  layout_caves
Slime:5
Orc:1:    layout_caves
Orc:2:    pubby_orc_utopia, serial_shops
Elf:1:    eino_elf_arrival_customs, layout_rooms, minmay_elf_demonology,
          drop_trap
Elf:2:    layout_geoelf_octagon, serial_shops, shop
Elf:3:    minmay_elf_hall_x, layout_geoelf_diagonals, grunt_megastairs_3,
          uniq_bai_suzhen
Vaults:1: nicolae_vaults_ninety_degrees, vaults_room_pool,
          nicolae_vaults_circle_grid_b, nicolae_vaults_little_squares_4,
          ontoclasm_vaults_bender, v_misc_15, v_misc_8,
          nicolae_vaults_gold_heap, ontoclasm_vaults_ligature,
          ontoclasm_vaults_decontamination, v_misc_14, vaults_mumra_hex,
          vaults_room_hangedman_quadrants, serial_ice_h, layout_vaults_ring,
          serial_shops, nicolae_shop_window_shopping
Vaults:2: minmay_crypt_entry_simple_plaza,
          vaults_standard_mumra_enter_the_diamond, ontoclasm_vaults_hangar,
          nicolae_vaults_windows_and_doors_thing, v_misc_14,
          nicolae_vaults_network_quincunx
          [nicolae_vaults_network_quincunx_subvault,
          nicolae_vaults_network_quincunx_subvault,
          nicolae_vaults_network_quincunx_subvault,
          nicolae_vaults_network_quincunx_subvault,
          nicolae_vaults_network_quincunx_subvault], v_misc_33, st_diamondy,
          v_misc_13, vaults_room_corners, vaults_dpeg_diagonal,
          layout_vaults_maze_snakey, mu_enter_wizlab_3, uniq_sojobo, uniq_nikola
Vaults:3: nicolae_vaults_sealed_display, v_rooms_5, st_eye, v_misc_28,
          vaults_room_fours, vaults_room_grunt_arrival_checkpoint,
          vaults_room_corners, nicolae_vaults_specimen_jars,
          nicolae_vaults_theta, layout_vaults_big_room
Vaults:4: vaults_standard_mumra_lines, hangedman_vaults_slice,
          hangedman_vaults_capsules, st_spiral_rooms, v_alt_pattern_2,
          vaults_mumra_hexcomb, nicolae_vaults_big_angled_halls,
          vaults_mumra_chevron_long, v_misc_14, hangedman_vaults_unwind,
          vaults_dpeg_cross, layout_vaults_omnibox
Vaults:5: serial_shops
Crypt:1:  layout_regular_city
Crypt:2:  cheibrodos_crypt_cold_storage, layout_chaotic_city,
          grunt_megastairs_1, lemuel_elevator
Crypt:3:  grunt_crypt_end_deaths_head
Depths:1: minmay_bad_star, layout_cave_shapes,
          ploomutoo_gammafunk_ghost_potion_laboratory, minmay_door_square,
          pf_hell_entry_tar_river, minmay_stone_trees_medium,
          minmay_misc_feat_tower, nicolae_elemental_shop,
          minmay_variable_closet, nrook_kobold_shadow_demons, uniq_asterion
Depths:2: box_level_dp, serial_shops, hell_entry
Depths:3: grunt_deathspiral_large, layout_gridlike, grunt_hell_entry_dis_old,
          kennysheep_crisscross, rand_demon_pan_entry_8, abyss_entry,
          serial_bayou_shore_b, uniq_frederick, uniq_jory, uniq_xtahua,
          uniq_margery
Depths:4: minmay_inner_zag, layout_gridlike, enter_ziggurat_a,
          abyss_entry_crystal, minmay_misc_feat_rugged, serial_shops,
          nicolae_shop_statue_plus, pf_coc_iceberg, minmay_misc_feat_doors,
          st_stairs_7, minmay_staircase_statues
Depths:5: grunt_zot_entry_alcove, layout_cave_pools, hell_entry,
          serial_sigils_hangedman_writhe, st_stairs_1
Hell
Geh:1:    layout_gehenna_lava_caves
Zot:1:    circus_mu, layout_concentric_octagons
Zot:2:    layout_basic, nicolae_transmutations_shop, zot_minivault_7
Zot:3:    layout_cathedral_of_symmetry
Zot:4:    layout_onion_interference, ebering_ghost_xom, grunt_ministairs_10
Zig:11

Skill      XL: |  1  2  3  4  5  6  7  8  9 10 11 12 13 14 15 16 17 18 19 20 21 22 23 24 25 26 27 |
---------------+----------------------------------------------------------------------------------+-----
Fighting       | 4 5 6 7 9 10 11 12 14 15 16 17 18 19 20 22 23 25 26 27 | 27.0
Shields        | 4 5 6 7 9 10 12 14 15 17 18 20 21 23 24 26 27 | 27.0
Armour         | 4 5 6 7 9 10 11 12 13 14 15 16 17 18 19 20 21 24 27 | 27.0
Long Blades    | 3 4 5 7 8 10 12 13 14 16 17 18 19 20 21 22 23 25 26 27 | 27.0
Stealth        | 1 2 3 4 13 | 13.3
Dodging        | 1 2 3 4 5 6 7 8 9 10 11 21 | 21.4
Invocations    | 1 2 3 8 |  8.5
Evocations     | 2 |  2.5
Maces & Flails | |  0.2

Action                   |  1- 3 |  4- 6 |  7- 9 | 10-12 | 13-15 | 16-18 | 19-21 | 22-24 | 25-27 || total
-------------------------+-------+-------+-------+-------+-------+-------+-------+-------+-------++-------
Melee: Long sword        |    91 |   213 |    12 |    86 |   382 |       |       |       |       ||   784
       Headbutt          |    15 |    27 |    76 |   208 |   520 |   521 |   374 |   391 |  1008 ||  3140
       Falchion          |       |       |   311 |   591 |   766 |  1141 |       |       |       ||  2809
       Mace              |       |       |       |    10 |       |       |       |       |       ||    10
       Double sword      |       |       |       |       |   637 |   571 |  1280 |  1132 |  2740 ||  6360
Invok: Heroism           |       |       |     2 |     7 |     9 |     3 |     5 |     2 |    12 ||    40
       Finesse           |       |       |       |       |     1 |       |       |       |     5 ||     6
Evoke: Wand              |       |       |       |       |       |     1 |       |       |     2 ||     3
  Use: Potion            |     2 |     3 |       |       |       |     6 |     6 |       |    21 ||    38
       Scroll            |       |     3 |     6 |    11 |    11 |    13 |     9 |     8 |    35 ||    96
 Stab: Confused          |       |       |       |     3 |       |       |       |       |       ||     3
       Distracted        |       |       |       |       |     1 |       |       |     2 |       ||     3
       Petrified         |       |       |       |       |     2 |       |       |       |       ||     2
       Invisible         |       |       |       |       |       |       |       |       |     3 ||     3
  Eat: Chunk             |       |     5 |    11 |    19 |    36 |    28 |    24 |    33 |    41 ||   197
       Ration            |       |       |       |     2 |     4 |     6 |     4 |     1 |    15 ||    32
Armor: Scale mail        |    49 |     3 |       |       |       |       |       |       |       ||    52
       Chain mail        |       |   122 |    36 |   329 |   499 |       |       |       |       ||   986
       Plate armour      |       |       |    66 |    41 |   354 |   883 |   522 |   377 |  1375 ||  3618
       Gold dragon scale |       |       |       |       |       |       |       |       |   201 ||   201
Dodge: Dodged            |    25 |    49 |    58 |   221 |   602 |   568 |   324 |   306 |  1565 ||  3718
       Deflected         |       |     1 |    12 |     6 |    28 |       |       |       |       ||    47
Block: Shield            |    61 |    96 |   156 |   464 |  1305 |   999 |       |       |       ||  3081
       Large shield      |       |       |       |       |       |   730 |  1886 |  1417 |  1124 ||  5157
       Reflection        |       |       |       |       |       |    63 |   178 |    89 |   123 ||   453
       Buckler           |       |       |       |       |       |       |       |       |  1541 ||  1541
       Rpst.: Long sword |     4 |    12 |     1 |    10 |    35 |       |       |       |       ||    62
       Falchion          |       |       |    13 |    45 |    66 |    93 |       |       |       ||   217
       Double sword      |       |       |       |       |    39 |    25 |    54 |    45 |   302 ||   465
